 Seeded DCSS version 0.27-a0-46-g34d46f0a3f (webtiles) character file.

Game seed: 20210106 (custom seed)

54 saturdyl the Digger (level 3, -1/19 HPs)
             Began as a Gargoyle Earth Elementalist on Jan 6, 2021.
             Slain by Terence
             ... wielding a +0 flail of holy wrath
              (5 damage)
             ... on level 2 of the Dungeon.
             The game lasted 00:14:59 (1798 turns).

saturdyl the Digger (Gargoyle Earth Elementalist)   Turns: 1798, Time: 00:14:59

Health: -1/19      AC:  5    Str: 11    XL:     3   Next: 91%
Magic:  3/7        EV: 12    Int: 16    God:
Gold:   72         SH:  0    Dex: 10    Spells: 6/7 levels left

rFire    . . .     SeeInvis .   (no weapon)
rCold    . . .     Faith    .   (no shield)
rNeg     + . .     Spirit   .   c - +0 robe
rPois    ∞         Reflect  .   (no helmet)
rElec    +         Harm     .   (no cloak)
rCorr    .         Rampage  .   (no gloves)
Will     .....                  (no boots)
Stlth    ++........             (no amulet)
HPRegen  0.06/turn              (no ring)
MPRegen  0.10/turn              (no ring)

@: no status effects
A: negative energy resistance 1, electricity resistance, unbreathing,
petrification resistance, miasma immunity, AC +3
a: no special abilities


You were on level 2 of the Dungeon.
You visited 1 branch of the dungeon, and saw 2 of its levels.

You collected 72 gold pieces.

Inventory:

Missiles
 b - 14 stones
 f - 48 bolts
 m - a poisoned dart
Armour
 c - a +0 robe (worn)
 e - a +0 leather armour
Jewellery
 d - a +4 ring of protection {unknown}
 l - a +4 ring of protection {unknown}
Scrolls
 a - a scroll of magic mapping
 h - 2 scrolls of teleportation {unknown}
 i - a scroll of identify {unknown}
 j - a scroll of noise {unknown}
Potions
 g - 2 potions of curing {unknown}
 k - 2 potions of haste {unknown}


   Skills:
 + Level 1.9 Dodging
 + Level 2.6 Stealth
 + Level 0.3 Unarmed Combat
 + Level 2.7 Spellcasting
 + Level 0.7 Transmutations
 + Level 4.4 Earth Magic


You had 6 spell levels left.
You knew the following spells:

 Your Spells              Type           Power        Failure   Level
a - Sandblast             Erth           32%          3%          1

Your spell library contained the following spells:

 Spells                   Type           Power        Failure   Level
 Passwall                 Tmut/Erth      8%           10%         2
 Stone Arrow              Conj/Erth      18%          24%         3
 Petrify                  Tmut/Erth      10%          54%         4
 Lee's Rapid Deconstruct  Erth           8%           65%         5


Dungeon Overview and Level Annotations

Branches:
Dungeon (2/15)

Altars:
Dithmenos

Annotations:
D:2 Terence


Innate Abilities, Weirdness & Mutations

You are resistant to torment.
Your stone body is resilient. (AC +3)
You are immune to poison.
You resist negative energy. (rN+)
You are resistant to electric shocks. (rElec)
You can survive without breathing.
You are immune to petrification.
You are immune to miasma.


Message History

* * * LOW HITPOINT WARNING * * *
You don't have enough magic to cast that spell.
You don't have enough magic to cast that spell.
Your magical contamination has completely faded away.
Terence looks scornfully at you. Terence closely misses you.
Aiming: Sandblast (safe; 3% risk of failure)
Press: ? - help, Q - select action, (/) - cycle Shift-Dir - straight line, f/p - Terence
Aim: Terence, wielding a +0 flail of holy wrath and wearing a +0 scale mail (18% to evade)
The blast of sand hits Terence but does no damage.
Terence misses you.
Aiming: Sandblast (safe; 3% risk of failure)
Press: ? - help, Q - select action, (/) - cycle Shift-Dir - straight line, f/p - Terence
Aim: Terence, wielding a +0 flail of holy wrath and wearing a +0 scale mail (18% to evade)
The blast of sand hits Terence.
Terence is lightly wounded.
Terence closely misses you. Terence says, "Did you write a will?
You should..."
Terence hits you with a +0 flail of holy wrath.
You die...

...#### #.# #..# ..†...# #.#
##..# ##.##.# #.# #...# ##.##.#
#.# #.#.# ##.##.# #.# #.#.#
##.##.#########.####### #.#.#
......................####.#.#
...........####.#####........#
##.##.####.# #.@.# ######.###
#...#.# #.# ###@# #.# ## ..#[..#
#.# #.# ####.# #. #...### #.#
#.# ##....# #. ##.## #.# #.#
#.....#####.
#.#######.######.####.........).
#..................##.....######
######.#.#######.).........#
.....[.#.# #.##.####.###


You could see Terence.

Vanquished Creatures
  An adder (D:2)
  An ooze (D:1)
  A worm (D:2)
  A dart slug (D:2)
  A giant cockroach (D:2)
  7 goblins
  3 hobgoblins
  8 kobolds
  A ball python (D:2)
  6 bats
  2 frilled lizards
  5 rats
37 creatures vanquished.

Notes
Turn   | Place    | Note
-------+----------+-------------------------------------------
     0 | D:1      | saturdyl the Gargoyle Earth Elementalist began the quest
                  | for the Orb.
     0 | D:1      | Reached XP level 1. HP: 10/10 MP: 3/3
   166 | D:1      | Reached XP level 2. HP: 14/15 MP: 0/5
   467 | D:1      | Reached skill level 4 in Earth Magic
   911 | D:1      | Reached XP level 3. HP: 18/19 MP: 3/6
  1172 | D:2      | Found a shadowy altar of Dithmenos.
  1727 | D:2      | Noticed Terence
  1798 | D:2      | Slain by Terence

Illustrated notes

Levels and vault maps discovered:
D:1:      psy_arrival_terrarium, layout_loops_ring, chequers_garden,
          grunt_decor_resistance, minmay_heptomino_d4
D:2:      lemuel_upstairs_altar, layout_loops_ring,
          amcnicky_mini_rare_corridor_liquid, grunt_dithmenos_smoke,
          uniq_terence

Skill      XL: |  1  2 |
---------------+-------+-----
Earth Magic    | 4 |  4.4
Dodging        | |  1.9
Stealth        | |  2.6
Unarmed Combat | |  0.3
Spellcasting   | |  2.7
Transmutations | |  0.7

Action                   || total
-------------------------++-------
Melee: Unarmed           ||    12
Throw: Stone             ||     1
 Cast: Sandblast         ||    70
  Use: Scroll            ||     1
Armor: Robe              ||    13
Dodge: Dodged            ||    44

Table legend: (Time is in decaauts)
 A = Elapsed time spent in this place.
 B = Non-inter-level travel time spent in this place.
 C = Inter-level travel time spent in this place.
 D = Time resting spent in this place.
 E = Time spent auto-exploring this place.
 F = Levels seen in this place.
 G = Mean time per level.
                   A        B        C        D        E       F      G
               +--------+--------+--------+--------+--------+-----+--------+
         Total |   1797 |   1309 |    488 |      0 |    929 |   2 |  898.5 |
       Dungeon |   1797 |   1309 |    488 |      0 |    929 |   2 |  898.5 |
               +--------+--------+--------+--------+--------+-----+--------+

Top non-repeatable levels by time:
     D:1: 1137 daAuts
     D:2: 660 daAuts
